 Dungeon Crawl Stone Soup version 0.23.2-1-ga50397a (webtiles) character file.

Game seed: 1591648944093378030

319 myga the Chiller (level 6, 0/45 HPs)
             Began as a Draconian Ice Elementalist on May 16, 2019.
             Splashed by Ijyb's acid (15 damage)
             ... on level 3 of the Dungeon.
             The game lasted 00:08:02 (2152 turns).

myga the Chiller (Draconian Ice Elementalist)       Turns: 2152, Time: 00:08:03

Health: 0/45       AC:  5    Str: 11    XL:     6   Next: 21%
Magic:  0/12       EV: 12    Int: 16    God:
Gold:   106        SH:  0    Dex: 12    Spells: 7/13 levels left

rFire    . . .     SeeInvis .   q - +3 scythe
rCold    . . .     Gourm    .   (shield currently unavailable)
rNeg     . . .     Faith    .   (armour unavailable)
rPois    .         Spirit   .   (helmet restricted)
rElec    .         Reflect  .   (no cloak)
rCorr    .         Harm     .   (no gloves)
MR       .....                  (no boots)
Stlth    ++........             (no amulet)
HPRegen  0.15/turn              d - +3 ring of protection
MPRegen  0.13/turn              g - ring of flight

@: corroded
A: unfitting armour, cold-blooded, AC +6
a: Evoke Flight


You were on level 3 of the Dungeon.
You were not hungry.

You visited 1 branch of the dungeon, and saw 3 of its levels.

You collected 106 gold pieces.

Inventory:

Hand Weapons
 e - a +0 dagger
 q - a +3 scythe (weapon)
Missiles
 o - 90 stones (quivered)
Jewellery
 d - a +3 ring of protection (left hand)
 g - a ring of flight (right hand)
Scrolls
 a - a scroll of fog {unknown}
 c - 2 scrolls of remove curse {unknown}
 h - 2 scrolls of teleportation
 j - a scroll of fear {unknown}
 l - a scroll of immolation {unknown}
 p - a scroll of enchant weapon {unknown}
Potions
 f - 2 potions of brilliance {unknown}
 i - a potion of curing
 k - a potion of resistance
 m - a potion of flight
 r - a potion of heal wounds {unknown}
Comestibles
 b - 3 rations
 n - 4 chunks of flesh


   Skills:
 + Level 0.2 Fighting
 + Level 1.3 Short Blades
 + Level 2.1 Dodging
 + Level 3.2 Stealth
 + Level 4.0 Spellcasting
 + Level 1.2 Conjurations
 + Level 4.4 Ice Magic


You had 7 spell levels left.
You knew the following spells:

 Your Spells              Type           Power        Failure   Level  Hunger
a - Freeze                Ice            ###.         2%          1    None
b - Throw Frost           Conj/Ice       ##....       8%          2    ##.....
c - Ozocubu's Armour      Chrm/Ice       ##......     21%         3    ###....

Your spell library contained the following spells:

 Spells                   Type           Power        Failure   Level  Hunger
 Throw Icicle             Conj/Ice       ##......     45%         4    ####...
 Summon Ice Beast         Ice/Summ       ##......     54%         4    ####...


Dungeon Overview and Level Annotations

Branches:
Dungeon (3/15)

Altars:
Cheibriados
Dithmenos

Annotations:
D:3 Ijyb


Innate Abilities, Weirdness & Mutations

Your plain brown scales are hard. (AC +6)
You cannot fit into any form of body armour.
You are cold-blooded and may be slowed by cold attacks.


Message History

Ijyb is moderately wounded.
Ijyb barely misses you.
You closely miss Ijyb.
Your tail-slap misses Ijyb.
Ijyb is moderately wounded.
You feel yourself speed up. Ijyb hits you but does no damage.
Ijyb closely misses you. Ijyb hits you but does no damage.
You hit Ijyb.
Ijyb is heavily wounded.
Ijyb barely misses you. Ijyb hits you but does no damage.
Casting: Freeze (safe; 2% risk of failure)
Confirm with . or Enter, or press ? or * to list all spells.
Aiming: Freeze (safe; 2% risk of failure)
Press: ? - help, Shift-Dir - straight line, f/p - Ijyb
Aim: Ijyb, wearing a +0 leather armour and carrying a wand of acid (3) (heavily wounded)
You freeze Ijyb.
Ijyb is heavily wounded.
Ijyb zaps a wand.
The bolt of acid hits you! The acid corrodes you!
You are splashed with acid!
You die...

#....# .###
####g..$ ..<
.......##.#
##......#
#......#
#.##.#h#
#.รทรท.#.#
#..###.#
#.[.@g.#
##.##### #...#
#...# #...#
#...#
######...######
##.............#
................


You could see Ijyb.

Vanquished Creatures
  Sigmund (D:3)
  Terence (D:2)
  Natasha (twice) (D:3)
  4 adders
  An ooze (D:2)
  A dart slug (D:2)
  4 leopard geckos
  3 orcs (D:3)
  2 giant cockroaches (D:1)
  6 goblins
  5 hobgoblins
  2 ball pythons
  6 bats
  2 frilled lizards
  2 kobolds
  5 rats
47 creatures vanquished.

Notes
Turn   | Place    | Note
-------+----------+-------------------------------------------
     0 | D:1      | myga the Draconian Ice Elementalist began the quest for the
                  | Orb.
     0 | D:1      | Reached XP level 1. HP: 14/14 MP: 3/3
   243 | D:1      | Reached XP level 2. HP: 20/20 MP: 0/5
   605 | D:1      | Learned a level 2 spell: Throw Frost
   634 | D:1      | Found a snail-covered altar of Cheibriados.
  1139 | D:2      | Reached XP level 3. HP: 26/26 MP: 4/6
  1161 | D:2      | Learned a level 3 spell: Ozocubu's Armour
  1229 | D:2      | Noticed Terence
  1245 | D:2      | Killed Terence
  1245 | D:2      | Reached XP level 4. HP: 32/33 MP: 0/8
  1878 | D:3      | Found a shadowy altar of Dithmenos.
  1894 | D:3      | Noticed Natasha
  1904 | D:3      | Killed Natasha
  2073 | D:3      | Reached XP level 5. HP: 38/38 MP: 7/9
  2084 | D:3      | Noticed Sigmund
  2096 | D:3      | Killed Sigmund
  2096 | D:3      | Reached skill level 1 in Short Blades
  2096 | D:3      | Reached XP level 6. HP: 40/45 MP: 0/11
  2133 | D:3      | Noticed Natasha
  2135 | D:3      | Noticed Ijyb
  2148 | D:3      | Killed Natasha
  2152 | D:3      | Splashed by Ijyb's acid

Skill      XL: |  1  2  3  4  5  6 |
---------------+-------------------+-----
Stealth        | 2 3 |  3.2
Spellcasting   | 3 4 |  4.0
Ice Magic      | 4 |  4.4
Short Blades   | 1 |  1.3
Dodging        | 2 |  2.1
Fighting       | |  0.2
Conjurations   | |  1.2

Action                   |  1- 3 |  4- 6 || total
-------------------------+-------+-------++-------
Melee: Unarmed           |     8 |       ||     8
       Dagger            |    19 |    41 ||    60
       Tailslap          |     2 |     5 ||     7
       Scythe            |       |     6 ||     6
Throw: Stone             |       |     1 ||     1
 Cast: Freeze            |    34 |    26 ||    60
       Throw Frost       |       |     8 ||     8
  Use: Scroll            |       |     4 ||     4
       Potion            |       |     2 ||     2
 Stab: Sleeping          |     8 |     4 ||    12
  Eat: Chunk             |     1 |     4 ||     5
Armor: Skin              |    19 |    22 ||    41
Dodge: Dodged            |    30 |    45 ||    75
